 Dungeon Crawl Stone Soup version 0.22-a0-367-gb72a975 (webtiles) character file.

17 khargal the Cutter (level 2, 0/19 HPs)
             Began as a Kobold Berserker on Apr 22, 2018.
             Was a Follower of Trog.
             Slain by a jackal (1 damage)
             ... on level 1 of the Dungeon.
             The game lasted 00:01:34 (405 turns).

khargal the Cutter (Kobold Berserker)                Turns: 405, Time: 00:01:34

Health: 0/19       AC:  2    Str: 14    XL:     2   Next: 80%
Magic:  2/2        EV: 15    Int:  8    God:    Trog [*.....]
Gold:   60         SH:  0    Dex: 14    Spells: 1/1 levels left

rFire    . . .     SeeInvis .   a - +0 short sword
rCold    . . .     Gourm    .   (shield restricted)
rNeg     . . .     Faith    .   b - +0 animal skin
rPois    .         Spirit   .   (no helmet)
rElec    .         Reflect  .   (no cloak)
rCorr    .         Harm     .   (no gloves)
MR       .....                  (no boots)
Stlth    ++........             (no amulet)
HPRegen  0.06/turn              (no ring)
MPRegen  0.08/turn              (no ring)

@: berserk cooldown, slowed, very slow
A: small, carnivore
a: Berserk, Renounce Religion


You were on level 1 of the Dungeon.
You worshipped Trog.
Trog was aware of your devotion.
You were very full.

You visited 1 branch of the dungeon, and saw 1 of its levels.

You collected 60 gold pieces.

Inventory:

Hand Weapons
 a - a +0 short sword (weapon)
Armour
 b - a +0 animal skin (worn)
Potions
 e - a potion of resistance {unknown}
 f - a potion of haste {unknown}
Comestibles
 c - 2 rations
 d - 4 chunks of flesh


   Skills:
 + Level 3.6 Fighting
 + Level 4.4 Short Blades
 - Level 1.5 Armour
 + Level 2.6 Dodging
 * Level 1.2 Stealth


You had one spell level left.
You didn't know any spells.

Dungeon Overview and Level Annotations

Branches:
Dungeon (1/15)

Altars:


Innate Abilities, Weirdness & Mutations

You are small and have problems with some larger weapons.
You are carnivorous and can eat meat at any time.


Message History

The jackal closely misses you. The jackal completely misses you.
You barely miss the jackal.
The jackal is heavily wounded.
The jackal completely misses you. The jackal misses you.
You hit the jackal but do no damage.
The jackal is heavily wounded.
The jackal bites you.
* * * LOW HITPOINT WARNING * * *
The jackal barely misses you.
You closely miss the jackal.
The jackal is heavily wounded.
The jackal barely misses you. The jackal misses you.
The jackal closely misses you.
You hit the jackal but do no damage.
The jackal is heavily wounded.
The jackal closely misses you.
You hit the jackal.
The jackal is severely wounded.
The jackal misses you. The jackal bites you.
You die...

.....#..............)..
#.......#.#...............
#...?#....................
#....##.#..#.###..........
#...... #..#.###.(.######.
#.....###..#.#............
#..........#++............
#...#....................^
#...)†..h@.)..........###.
###........).........)....
#............###........
#............###........
#...........(##.....#...
#...........###.######..
#....##.........# .#
#....############ .# ###


You could see a jackal.

Vanquished Creatures
  A giant cockroach (D:1)
  2 hobgoblins (D:1)
  5 jackals (D:1)
  2 bats (D:1)
  3 goblins (D:1)
  A kobold (D:1)
  A rat (D:1)
15 creatures vanquished.

Notes
Turn   | Place    | Note
-------+----------+-------------------------------------------
     0 | D:1      | khargal the Kobold Berserker began the quest for the Orb.
     0 | D:1      | Reached XP level 1. HP: 14/14 MP: 1/1
   147 | D:1      | Reached XP level 2. HP: 9/19 MP: 2/2
   327 | D:1      | Reached skill level 1 in Stealth
   405 | D:1      | Slain by a jackal

Vault maps used:
D:1:      minmay_arrival_cross

Skill      XL: |  1  2 |
---------------+-------+-----
Stealth        | 1 |  1.2
Fighting       | |  3.6
Short Blades   | |  4.4
Armour         | |  1.5
Dodging        | |  2.6

Action                   || total
-------------------------++-------
Melee: Short sword       ||    47
Invok: Berserk           ||     2
  Eat: Chunk             ||     7
Armor: Animal skin       ||    10
Dodge: Dodged            ||    58

Table legend:
 A = Spawn XP
 B = Non-spawn XP
 C = Spawn XP percentage of total XP
 D = Spawn monster count
 E = Non-spawn monster count
 F = Spawn count percentage of total count
 G = Total turns spent on level
                    A         B        C        D         E        F      G
               +---------+---------+-------+---------+---------+-------+---------
         Total |       0 |      25 |   0.0 |       0 |      15 |   0.0 |   405
               +---------+---------+-------+---------+---------+-------+---------
           D:1 |       0 |      25 |   0.0 |       0 |      15 |   0.0 |   405
               +---------+---------+-------+---------+---------+-------+---------
